AoeStats
← jphilkill

MegaRandom

508213931Analyzed
4v4 RM · 11d ago on Sep 21, 2026· 31m 21s· 8 players
Game mode
Random Map
Map size
Large (8 player)
Population
200
Speed
Normal
Resources
Standard
Victory
Conquest
Starting age
Dark Age
Ending age
Imperial Age
RankedLock teamsTeams togetherTeam positionsShared explorationLock speedFull tech treeHidden civsTurbo modeCheats
Victory
Defeat
🇳🇱 Britons · Netherlands
858
+16
🇦🇷 Sicilians · Argentina
830
+17
🇩🇪 Burgundians · Germany
817
+18
🇪🇸 Huns · Spain
780
+20
🇨🇿 Goths · Czechia
880
-18
🇯🇵 Mongols · Japan
879
-19
🇩🇪 Huns · Germany
851
-17
🇦🇷 Khmer · Argentina
829
-17
Admar
0:31 Loom
14:27 Feudal Age
16:49 Double-Bit Axe
19:08 Castle Age
17:19 Gold Mining
20:15 Bow Saw
21:54 Fervor
28:00 Town Watch
28:51 Wheelbarrow
30:31 Bloodlines
t45zeus
11:20 Feudal Age
10:19 Loom
15:31 Castle Age
21:12 Double-Bit Axe
22:34 Stone Mining
24:42 Padded Archer Armor
24:32 Fletching
27:03 Gold Mining
30:49 Wheelbarrow
30:01 Town Watch
30:35 Fletching
Grubik
8:48 Loom
12:39 Feudal Age
13:07 Double-Bit Axe
18:14 Castle Age
19:27 Bow Saw
19:02 Horse Collar
19:35 Squires
19:51 Fishing Lines
24:21 Gillnets
27:00 Stone Mining
27:14 Heavy Plow
27:51 Forging
27:41 Scale Mail Armor
28:17 Scale Mail Armor
29:34 Wheelbarrow
28:50 Pikeman
34:20 Imperial Age
jphilkill
0:43 Loom
12:33 Feudal Age
14:22 Double-Bit Axe
18:32 Castle Age
16:37 Horse Collar
16:56 Gold Mining
19:45 Stone Mining
25:18 Wheelbarrow
25:26 Pikeman
27:59 Bloodlines
29:05 Forging
BillyBadBoy
11:35 Feudal Age
11:46 Loom
16:55 Castle Age
16:58 Fletching
17:27 Double-Bit Axe
17:42 Horse Collar
20:28 Crossbowman
26:11 Padded Archer Armor
30:29 Bodkin Arrow
30:50 Leather Archer Armor
[PKT]Luixpozo
1:31 Loom
12:25 Feudal Age
17:58 Castle Age
17:03 Double-Bit Axe
17:20 Horse Collar
19:34 Fletching
25:26 Padded Archer Armor
25:22 Bodkin Arrow
TrueCrime
0:29 Loom
1:22 Wheelbarrow
15:44 Feudal Age
14:32 Double-Bit Axe
14:29 Horse Collar
15:37 Gold Mining
22:10 Castle Age
21:08 Bow Saw
21:27 Scale Barding Armor
21:41 Stone Mining
22:25 Forging
22:12 Cavalier
28:08 Chain Barding Armor
29:55 Heavy Plow
JUSTICIA
2:30 Loom
10:00 Feudal Age
14:43 Double-Bit Axe
15:59 Horse Collar
18:50 Arson
24:47 Castle Age
22:41 Fletching
22:52 Scale Mail Armor
23:30 Forging
Connection lost

Rejoining the realm…

Still unreachable

The connection could not be restored.

Session expired

The server has moved on; the page needs a fresh start.